 Dungeon Crawl Stone Soup version 0.21.1-1-g345015f (webtiles) character file.

262 Iko the Slasher (level 5, -6/42 HPs)
             Began as a Centaur Gladiator on June 20, 2018.
             Was an Initiate of Qazlal.
             Killed by nerve-wracking pain
             ... invoked by a shadow imp
              (12 damage)
             ... on level 5 of the Dungeon.
             The game lasted 00:05:35 (612 turns).

Iko the Slasher (Centaur Gladiator)                  Turns: 612, Time: 00:05:35

Health: -6/42      AC:  5    Str: 16    XL:     5   Next: 97%
Magic:  5/5        EV: 10    Int:  8    God:    Qazlal [......]
Gold:   36         SH:  3    Dex: 11    Spells: 4/4 levels left

rFire    . . .     SeeInvis .   i - +0 spear (pierce)
rCold    . . .     Gourm    .   e - +0 buckler
rNeg     . . .     Faith    .   b - +0 leather armour
rPois    .         Spirit   .   c - +0 helmet
rElec    .         Reflect  .   (no cloak)
rCorr    .         Harm     .   (no gloves)
MR       .....                  (no barding)
Stlth    +.........             (no amulet)
HPRegen  0.14/turn              (no ring)
MPRegen  0.09/turn              (no ring)

@: very quick
A: large, hooves 3, deformed body, speed 2, tough skin 3
a: Renounce Religion


You were on level 5 of the Dungeon.
You worshipped Qazlal.
Qazlal was noncommittal.
You were not hungry.

You visited 1 branch of the dungeon, and saw 5 of its levels.

You collected 36 gold pieces.

Inventory:

Hand Weapons
 i - a +0 spear of piercing (weapon)
Armour
 b - a +0 leather armour (worn)
 c - a +0 helmet (worn)
 e - a +0 buckler (worn)
Comestibles
 d - 6 chunks of flesh
 f - 3 rations


   Skills:
 + Level 2.4 Fighting
   Level 4.1 Long Blades
 + Level 0.1 Polearms
 + Level 3.2 Throwing
 + Level 0.7 Armour
 + Level 3.4 Dodging
 + Level 0.1 Shields
   Level 0.4 Evocations


You had 4 spell levels left.
You didn't know any spells.

Dungeon Overview and Level Annotations

Branches:
Dungeon (5/15)
 Temple: D:4-7

Altars:
Kikubaaqudgha
Qazlal


Innate Abilities, Weirdness & Mutations

You have hooves in place of feet.
Armour fits poorly on your strangely shaped body.
You cover ground very quickly.
You have extremely tough skin. (AC +3)


Message History

The orc priest is severely wounded.
The shadow imp closely misses you.
The orc priest hits you but does no damage.
You hit the orc priest.
You kill the orc priest!
Qazlal accepts your kill.
The shadow imp hits you but does no damage.
You block the shadow imp's attack.
You hit the shadow imp. Your kick misses the shadow imp.
The shadow imp is heavily wounded.
The shadow imp completely misses you.
You hit the shadow imp but do no damage.
The shadow imp is heavily wounded.
The shadow imp hits you but does no damage.
You hit the shadow imp but do no damage.
Your kick misses the shadow imp.
The shadow imp is heavily wounded.
The shadow imp gestures at you. Pain shoots through your body!
You die...

#.......# ....#
#.......# ###...###
#.......#+###E#...#E#
#........%).###...###
####....................
..................._....
........................
.......).......###...###
.......@...#####E#...#E#
......5)...# ###...###
####.......# #....#
+.(.....# #....#
#.......# #....#
#.......# #....#
........# #....#
.........# #....# #....#


You could see a shadow imp.

Vanquished Creatures
  An ogre (D:4)
  A centaur zombie (D:5)
  An orc priest (D:5)
  A hound (D:5)
  2 worker ants (D:4)
  3 adders
  2 orcs (D:5)
  A giant cockroach (D:5)
  A goblin (D:1)
  4 jackals (D:4)
  A frilled lizard (D:2)
  A kobold (D:1)
19 creatures vanquished.

Notes
Turn   | Place    | Note
-------+----------+-------------------------------------------
     0 | D:1      | Iko the Centaur Gladiator began the quest for the Orb.
     0 | D:1      | Reached XP level 1. HP: 17/17 MP: 1/1
   297 | D:2      | Reached XP level 2. HP: 18/24 MP: 2/2
   302 | D:2      | Reached skill level 3 in Long Blades
   313 | D:2      | You fall through a shaft!
   374 | D:4      | Noticed an ogre
   382 | D:4      | Reached XP level 3. HP: 9/29 MP: 3/3
   386 | D:4      | Killed an ogre
   386 | D:4      | Reached XP level 4. HP: 11/36 MP: 4/4
   391 | D:4      | Reached XP level 5. HP: 6/41 MP: 5/5
   407 | D:4      | HP: 2/41 [worker ant (6)]
   408 | D:4      | Reached skill level 4 in Long Blades
   427 | D:4      | Found an ancient bone altar of Kikubaaqudgha.
   441 | D:4      | Became a worshipper of Kikubaaqudgha
   476 | D:5      | Entered Level 5 of the Dungeon
   544 | D:5      | Found a stormy altar of Qazlal.
   545 | D:5      | Noticed an air elemental
   548 | D:5      | Noticed a fire elemental
   548 | D:5      | Noticed a water elemental
   572 | D:5      | Fell from the grace of Kikubaaqudgha
   572 | D:5      | Became a worshipper of Qazlal Stormbringer
   600 | D:5      | HP: 2/42 [orc priest/divine providence (12)]
   612 | D:5      | Killed from afar by a shadow imp

Skill      XL: |  1  2  3  4  5 |
---------------+----------------+-----
Long Blades    | 3 4 |  4.1
Throwing       | 3 |  3.2
Dodging        | 3 |  3.4
Fighting       | |  2.4
Polearms       | |  0.1
Armour         | |  0.7
Shields        | |  0.1
Evocations     | |  0.4

Action                   |  1- 3 |  4- 6 || total
-------------------------+-------+-------++-------
Melee: Long sword        |    37 |     8 ||    45
       Kick              |     5 |     4 ||     9
       Spear             |       |    15 ||    15
Throw: Throwing net      |     5 |       ||     5
Evoke: Wand              |     3 |     7 ||    10
  Use: Scroll            |     1 |       ||     1
       Potion            |       |     3 ||     3
Armor: Leather armour    |    20 |     9 ||    29
Dodge: Dodged            |    19 |     7 ||    26
Block: Buckler           |     5 |     4 ||     9
       Rpst.: Long sword |     7 |       ||     7
